 Dungeon Crawl Stone Soup version 0.18-a0-965-g9200175 (webtiles) character file.

696 root the Chopper (level 7, 0/61 HPs)
             Began as a Hill Orc Fighter on Jan 1, 2016.
             Killed by nerve-wracking pain
             ... invoked by an orc priest
              (12 damage)
             ... on level 5 of the Dungeon.
             The game lasted 00:09:51 (3176 turns).

root the Chopper (Hill Orc Fighter)                 Turns: 3176, Time: 00:09:53

Health: 0/61       AC:  9    Str: 20    XL:     7   Next: 64%
Magic:  7/7        EV:  8    Int: 11    God:
Gold:   164        SH:  9    Dex: 11    Spells: 0 memorised, 6 levels left

rFire  . . .     SeeInvis .     a - +0 war axe
rCold  . . .     Gourm    .     b - +0 scale mail
rNeg   . . .     Faith    .     c - +0 shield
rPois  .         Spirit   .     v - +1 helmet {Int+3}
rElec  .         Dismiss  .     (no cloak)
rCorr  .         Reflect  .     (no gloves)
SustAt .         Harm     .     (no boots)
MR     .....                    (no amulet)
Stlth  ..........               (no ring)
                                (no ring)

@: not resistant to hostile enchantments, extremely unstealthy
A: no striking features
a: Convert to Beogh


You were on level 5 of the Dungeon.
You were very hungry.

You visited 1 branch of the dungeon, and saw 5 of its levels.

You collected 164 gold pieces.

Inventory:

Hand Weapons
 a - a +0 war axe (weapon)
Missiles
 g - a throwing net (quivered)
Armour
 b - a +0 scale mail (worn)
 c - a +0 shield (worn)
 v - a +1 helmet of intelligence (worn)
Scrolls
 e - 4 scrolls of remove curse {unknown}
 h - a scroll of recharging {unknown}
 i - a scroll of blinking {unknown}
 l - a scroll of amnesia {unknown}
 n - 2 scrolls of teleportation {unknown}
 o - 2 scrolls of enchant weapon {unknown}
 p - a scroll of magic mapping {unknown}
 s - 2 scrolls of identify {unknown}
 u - a scroll of enchant armour {unknown}
 x - a scroll of noise {unknown}
Potions
 d - 2 potions of might
 k - 3 potions of brilliance {unknown}
 m - 3 potions of curing {unknown}
 q - 2 potions of heal wounds {unknown}
 r - a potion of cancellation {unknown}
 w - a potion of ambrosia {unknown}
Comestibles
 f - 3 bread rations
 j - a beef jerky
 t - a meat ration


   Skills:
 + Level 5.1 Fighting
 * Level 6.7 Axes
 + Level 5.0 Armour
 + Level 2.6 Dodging
 + Level 4.8 Shields


You had 6 spell levels left.
You didn't know any spells.

Dungeon Overview and Level Annotations

Branches:
Dungeon (5/15)
 Temple: D:4-7

Altars:
Trog
Xom


Message History

The orc priest is moderately wounded.
The orc priest looks braver for a moment.
You hit the orc priest.
The orc priest threatens, "By the altar or by the axe, you will meet Beogh!"
The orc priest is moderately wounded.
You are feeling very hungry.
The orc priest calls down the wrath of Beogh upon you.
Pain shoots through your body!
You slash the orc priest!
The orc priest is almost dead.
The orc priest calls down the wrath of Beogh upon you.
Something smites you!
* * * LOW HITPOINT WARNING * * *
You barely miss the orc priest.
The orc priest shouts, "Beogh is our master!
Accept the truth or die!"
The orc priest is almost dead.
The orc priest miscasts a cantrip.
The orc priest calls down the wrath of Beogh upon you.
Pain shoots through your body!
You die...

... ##...# #...#
....+....# #...#
....##...# #...#
.........####...#
.....#..........#
...........[..#.##
##..##...........#
.....#..#######o##
#.........# #@# .
+.........# #.#
#.##.........# ###
.............#
.##.........#
#+##.........#
......#..#####
......##>#
......###############


You could see an orc priest.

Vanquished Creatures
  Grinder (D:3)
  A hungry ghost (D:4)
  3 orc wizards
  A giant frog zombie (D:5)
  A hound (D:4)
  Terence (D:3)
  Natasha (D:4)
  A worker ant (D:4)
  Robin (D:4)
  4 adders
  An ooze (D:1)
  3 worms (D:2)
  3 giant geckos
  16 orcs
  A giant cockroach (D:2)
  15 goblins
  10 hobgoblins
  2 jackals (D:4)
  2 quokkas
  2 ball pythons
  A ball python skeleton (D:4)
  6 bats
  5 giant newts
  3 kobolds
  11 rats
96 creatures vanquished.

Notes
Turn   | Place    | Note
--------------------------------------------------------------
     0 | D:1      | root the Hill Orc Fighter began the quest for the Orb.
     0 | D:1      | Reached XP level 1. HP: 19/19 MP: 1/1
    61 | D:1      | Reached XP level 2. HP: 16/27 MP: 2/2
   244 | D:1      | Reached skill level 4 in Fighting
   310 | D:1      | You fall through a shaft!
   323 | D:2      | Reached XP level 3. HP: 30/33 MP: 3/3
   932 | D:2      | Reached XP level 4. HP: 40/40 MP: 4/4
  1443 | D:3      | Noticed Terence
  1471 | D:3      | Killed Terence
  1471 | D:3      | Reached skill level 1 in Dodging
  1643 | D:3      | Reached XP level 5. HP: 45/47 MP: 5/5
  1772 | D:3      | Noticed Grinder
  1776 | D:3      | Paralysed by Grinder for 7 turns
  1787 | D:3      | Killed Grinder
  1787 | D:3      | Reached skill level 5 in Axes
  1787 | D:3      | Reached XP level 6. HP: 28/55 MP: 6/6
  2164 | D:4      | Noticed Robin
  2183 | D:4      | Killed Robin
  2211 | D:4      | Noticed Natasha
  2216 | D:4      | Killed Natasha
  2216 | D:4      | Reached skill level 6 in Axes
  2216 | D:4      | Reached XP level 7. HP: 55/60 MP: 7/7
  2345 | D:4      | Noticed a hungry ghost
  2372 | D:4      | Killed a hungry ghost
  2372 | D:4      | Reached skill level 5 in Fighting
  2451 | D:4      | Reached skill level 5 in Armour
  2633 | D:4      | Found a shimmering altar of Xom.
  2770 | D:4      | Found a bloodstained altar of Trog.
  3032 | D:5      | Entered Level 5 of the Dungeon
  3176 | D:5      | Killed from afar by an orc priest

Vault maps used:
D:1:      lightli_arrival_statue_moat
D:2:      first_bread, nrook_loot_triangle, feat_on_display
D:3:      uniq_terence, uniq_grinder
D:4:      nicolae_overflow_crystal_walls, kennysheep_mini, uniq_robin,
          uniq_natasha
D:5:      kennysheep_little_box, nicolae_overflow_hidden_temple

Action                   |  1- 3 |  4- 6 |  7- 9 || total
-------------------------+-------+-------+-------++-------
Melee: War axe           |   125 |   138 |    78 ||   341
  Eat: Chunk             |       |     5 |     6 ||    11
